 Dungeon Crawl Stone Soup version 0.32-a0-986-ga09f62fbf4 (webtiles) character file.

Game seed: 11689728307530663767

333 GiantSquids the Changeling (level 6, -1/38 HPs)
             Began as an Octopode Shapeshifter on Apr 22, 2024.
             Was a Follower of Yredelemnul.
             Killed from afar by an orc wizard (4 damage)
             ... with a puff of flame
             ... on level 4 of the Dungeon.
             The game lasted 00:05:38 (2546 turns).

GiantSquids the Changeling (Octopode Shapeshifter)  Turns: 2546, Time: 00:05:38

Health: -1/38      AC:  1    Str: 22    XL:     6   Next: 53%
Magic:  0/15       EV: 12    Int: 12    God:    Yredelemnul [*.....]
Gold:   215        SH:  0    Dex: 11    Spells: 5/5 levels left

rFire   . .          .
                       - Unarmed
rCold   . . .        (no shield)
rNeg    . . .        (helmet currently unavailable)
rPois   .            k - amulet of guardian spirit
rElec   .            l - +6 ring of strength
rCorr   .            q - ring of magical power
SInv    .            (no ring)
Will    .....        (no ring)
Stlth   ++++         (no ring)
HPRegen 0.26/turn    (no ring)
MPRegen 0.14/turn    (no ring)
                     (no ring)

%: guardian spirit
@: beast-form, wreathed by umbra
A: beast (slay +3), almost no armour, amphibious, 8 rings, camouflage 1,
gelatinous body 1, (nimble swimmer 1), tentacles
a: Begin Untransformation, Renounce Religion, Light the Black Torch, Recall
Undead Harvest


You were on level 4 of the Dungeon.
You worshipped Yredelemnul.
Yredelemnul was noncommittal.
You were a hulking beast.
You visited 1 branch of the dungeon, and saw 4 of its levels.

You collected 215 gold pieces.

Inventory:

Missiles
 w - 5 javelins (quivered)
Jewellery
 k - an amulet of guardian spirit (around mantle)
 l - a +6 ring of strength (left tentacle)
 q - a ring of magical power (right tentacle)
 u - an amulet of magic regeneration
Talismans
 b - a beast talisman (active)
 c - a flux talisman
Wands
 y - a wand of flame (11)
Scrolls
 e - 3 scrolls of identify {unknown}
 f - a scroll of summoning {unknown}
 h - 3 scrolls of fear {unknown}
 j - a scroll of teleportation {unknown}
 n - a scroll of fog {unknown}
 o - 3 scrolls of vulnerability {unknown}
 s - a scroll of brand weapon {unknown}
 t - a scroll of enchant weapon {unknown}
 x - a scroll of noise {unknown}
Potions
 a - a potion of lignification
 d - a potion of curing {unknown}
 g - 2 potions of magic {unknown}
 i - 2 potions of heal wounds {unknown}
 m - a potion of ambrosia {unknown}
 p - a potion of enlightenment {unknown}
 r - a potion of attraction {unknown}
 v - a potion of might {unknown}


   Skills:
 - Level 1.0 Fighting
 - Level 2.0 Dodging
 - Level 3.5 Stealth
 - Level 3.0 Unarmed Combat
 * Level 6.1 Shapeshifting


You had 5 spell levels left.
You didn't know any spells.
Your spell library contained the following spells:

 Spells                   Type           Power      Damage    Failure   Level
 Foxfire                  Conj/Fire      0%         2x1d4     32%         1
 Magic Dart               Conj           0%         1d3       32%         1
 Blink                    Tloc           0%         N/A       45%         2
 Lesser Beckoning         Tloc           0%         N/A       45%         2
 Momentum Strike          Conj/Tloc      0%         3d8       45%         2
 Scorch                   Fire           0%         2d5       45%         2
 Searing Ray              Conj           0%         2d4       45%         2
 Dazzling Flash           Conj/Hex       0%         N/A       69%         3
 Mephitic Cloud           Conj/Alch/Air  0%         N/A       69%         3
 Flame Wave               Conj/Fire      0%         2d4       97%         4
 Fulminant Prism          Conj/Alch      0%         3d5       97%         4
 Silence                  Hex/Air        0%         N/A       100%        5
 Plasma Beam              Fire/Air       0%         2x1d10    100%        6
 Starburst                Conj/Fire      0%         6d3       100%        6
 Summon Cactus Giant      Summ           0%         N/A       100%        6


Dungeon Overview and Level Annotations

Branches:
Dungeon (4/15)
 Temple: D:4-7

Altars:
Fedhas
Qazlal
Yredelemnul

Shops:
D:4 [


Innate Abilities, Weirdness & Mutations

You are a hulking beast.
Your limbs bulge with bestial killing power. (Slay +3)
You cannot wear most types of armour.
You are amphibious.
You can wear up to eight rings at the same time.
Your skin changes colour to match your surroundings (Stealth+).
Your rubbery body absorbs attacks. (AC +1, EV +1)
((You are camouflaged when in or above water. (Stealth+)))
You have tentacles for arms and can constrict up to eight enemies at once.


Message History

You hear some strange, mumbled words.
Something tries to affect you, but you resist.
The orc barely misses you. The orc misses you.
You closely miss the orc. Your grab misses the orc.
The orc is almost dead.
You constrict the orc.
You kill the orc!
Their soul becomes fuel for the torch.
You feel sick.
Your goblin zombie hits something but does no damage.
The orc hits you with a +0 hand axe.
* * * LOW HITPOINT WARNING * * *
The orc hits your orc zombie with a +0 hand axe.
Something hits you.
* * * LOW HITPOINT WARNING * * *
You barely miss the orc. You grab the orc. You squeeze the orc.
You kill the orc!
Their soul becomes fuel for the torch.
You feel sick.
You swap places.
You feel sick.
You are no longer poisoned.
You hear some strange, mumbled words.
A puff of flame appears from out of thin air!
The puff of flame misses your goblin zombie.
The puff of flame hits you!
* * * LOW HITPOINT WARNING * * *
Something hits your goblin zombie. Something hits your goblin zombie.
Your goblin zombie is destroyed!
Something hits your iguana zombie. Something hits your iguana zombie.
You swap places.
A magic dart appears from out of thin air!
The magic dart hits your orc zombie!
Your orc zombie is destroyed!
You hear some strange, mumbled words.
A puff of flame appears from out of thin air!
The puff of flame hits you!
You die...
Your body rises from the dead as a mindless zombie.

......## .....#
.......## #....#
.....Z..## #....
.........# #...#
.........# #...#
.♣.......#####...#
♣........'...#Z{)+
♣........'...'Z.)#
[♣.......#...#Z.h#
.........#...#...#
.........#########
........##
.......## ......#
....)## ....##
'####


You could see a friendly iguana zombie, a friendly orc zombie and a friendly orc
priest zombie.

Vanquished Creatures
  2 orc priests
  2 iguanas (D:4)
  An orc wizard (D:3)
  7 adders
  4 gnolls (D:3)
  A dart slug (D:2)
  2 ribbon worms
  8 orcs
  8 ball pythons
  7 endoplasms
  4 giant cockroaches
  9 goblins
  4 hobgoblins
  3 jackals (D:3)
  7 kobolds
  2 quokkas
  4 bats
  7 rats
82 creatures vanquished.

Vanquished Creatures (others)
  A bat zombie (D:3)
  A goblin zombie (D:4)
  An orc zombie (D:4)
  A quokka zombie (D:4)
4 creatures vanquished.

Grand Total: 86 creatures vanquished

Notes
Turn   | Place    | Note
-------+----------+-------------------------------------------
     0 | D:1      | GiantSquids the Octopode Shapeshifter began the quest for
                  | the Orb.
     0 | D:1      | Reached XP level 1. HP: 13/13 MP: 1/1
    51 | D:1      | Reached skill level 1 in Stealth
    55 | D:1      | Reached XP level 2. HP: 16/18 MP: 2/2
   342 | D:1      | Reached XP level 3. HP: 23/23 MP: 3/3
   748 | D:1      | Found a faded altar of an unknown god.
   894 | D:2      | Reached skill level 4 in Shapeshifting
  1041 | D:2      | Reached XP level 4. HP: 28/28 MP: 4/4
  1367 | D:3      | Reached XP level 5. HP: 21/33 MP: 5/5
  1569 | D:3      | Reached skill level 5 in Shapeshifting
  1652 | D:3      | Found a basalt altar of Yredelemnul.
  1705 | D:3      | Became a worshipper of Yredelemnul the Fallen
  1972 | D:3      | Found a stormy altar of Qazlal.
  2106 | D:4      | Found Uhuapp Jodah's Armour Shop.
  2167 | D:4      | Reached XP level 6. HP: 38/38 MP: 6/6
  2320 | D:4      | Found a blossoming altar of Fedhas.
  2423 | D:4      | Reached skill level 6 in Shapeshifting
  2535 | D:4      | Reached * piety under Yredelemnul
  2546 | D:4      | Killed from afar by an orc wizard

Illustrated notes

Levels and vault maps discovered:
D:1:      dpeg_arrival_windows_large_door, layout_loops_ring,
          dreamdust_ecumenical_altar_hidden_monk_grotto, minmay_pentomino_t2
D:2:      layout_basic
D:3:      layout_loops_ring, lemuel_doored_altar, marbit_many_paths
D:4:      kennysheep_big_flooded_room, layout_gridville,
          mainiacjoe_overflow_surrounded_room, serial_shops,
          nicolae_shop_peninsula, nicolae_shop_scrapyard, shop, shop,
          minmay_diced_spiral, uniq_robin

Skill      XL: |  1  2  3  4  5  6 |
---------------+-------------------+-----
Stealth        | 1 2 3 |  3.5
Shapeshifting  | 4 5 6 |  6.1
Fighting       | |  1.0
Dodging        | |  2.0
Unarmed Combat | |  3.0

Action                     |  1- 3 |  4- 6 || total
---------------------------+-------+-------++-------
  Melee: Unarmed           |    54 |    70 ||   124
         Constrict         |    16 |    21 ||    37
         Tentacles         |     8 |    21 ||    29
         Punch             |     3 |     1 ||     4
 Invoke: Light the Black T |       |     2 ||     2
   Stab: Sleeping          |     8 |    10 ||    18
 Armour: Skin              |    14 |    28 ||    42
  Dodge: Dodged            |    25 |    36 ||    61

Table legend: (Time is in decaauts)
 A = Elapsed time spent in this place.
 B = Non-inter-level travel time spent in this place.
 C = Inter-level travel time spent in this place.
 D = Time resting spent in this place.
 E = Time spent auto-exploring this place.
 F = Levels seen in this place.
 G = Mean time per level.
                   A        B        C        D        E       F      G
               +--------+--------+--------+--------+--------+-----+--------+
         Total |   2536 |   2427 |    109 |      0 |   1896 |   4 |  634.0 |
       Dungeon |   2536 |   2427 |    109 |      0 |   1896 |   4 |  634.0 |
               +--------+--------+--------+--------+--------+-----+--------+

Top non-repeatable levels by time:
     D:3: 775 daAuts
     D:1: 769 daAuts
     D:2: 553 daAuts
     D:4: 437 daAuts
